 Dungeon Sprint DCSS version 0.15-a0-1206-g3bad1a6 (webtiles) character file.

6000000 Infinimo the Axe Maniac (level 24, -12/181 HPs)
             Began as a Gargoyle Gladiator on June 1, 2014.
             Was the Champion of Makhleb.
             Mangled by a destroyer
             ... wielding a +9,+9 great sword of slicing
              (163 damage)
             ... in the Dungeon (Sprint VIII: "Arena of Blood").
             The game lasted 00:01:30 (60 turns).

Infinimo the Axe Maniac (Gargoyle Gladiator)          Turns: 60, Time: 00:01:31

HP -12/181       AC 26     Str 21      XL: 24   Next: 22%
MP  24/48        EV 33     Int 11      God: Makhleb [******]
Gold 0           SH  0     Dex 18      Spells:  0 memorised, 77 levels left

rFire  + . .     SeeInvis .     l - +∞ Axe of Woe
rCold  . . .     Clarity  .     b - +0 leather armour
rNeg   + . .     rCorr    .     (no shield)
rPois  +         rRot     +     c - +0 helmet
rElec  +         Spirit   .     (no cloak)
SustAb .         Warding  .     (no gloves)
rMut   .         NoTele   +     (no boots)
Gourm  .                        (no amulet)
MR     +....                    (no ring)
                                m - ring of protection from fire

@: flying, somewhat resistant to hostile enchantments, incredibly stealthy
A: able to fly continuously, large and strong wings, life protection 1,
electricity resistance, unbreathing, petrification resistance, rot immunity, AC
+17
a: Stop Flying, Minor Destruction, Lesser Servant of Makhleb, Major Destruction,
Greater Servant of Makhleb, Renounce Religion


You were in the Dungeon.
You worshipped Makhleb.
Makhleb was exalted by your worship.
You were not hungry.

You visited 1 branch

Inventory:

Hand weapons
 a - a +0,+0 war axe
 l - the +∞,+∞ Axe of Woe (weapon)
   (You found it in the Dungeon)
Missiles
 d - 3 throwing nets (quivered)
Armour
 b - a +0 leather armour (worn)
 c - a +0 helmet (worn)
Comestibles
 f - a bread ration
Scrolls
 k - a scroll of blinking
Jewellery
 m - a ring of protection from fire (left hand)
Potions
 e - a potion of curing
 g - a potion of heal wounds
 h - a potion of haste
 i - 2 potions of magic
 j - a potion of berserk rage


   Skills:
 O Level 27 Fighting
 O Level 27 Axes
 O Level 27 Throwing
 O Level 27 Armour
 O Level 27 Dodging
 O Level 27 Stealth
 O Level 27 Unarmed Combat
 O Level 27 Spellcasting
 O Level 27 Invocations


You had 77 spell levels left.
You didn't know any spells.

Dungeon Overview and Level Annotations

Branches:
Dungeon (1/1)

Altars:
Makhleb


Innate Abilities, Weirdness & Mutations

You are resistant to torment.
You are immune to poison.
You can fly continuously.
Your stone body is very resilient (AC +17).
Your wings are large and strong.
You resist negative energy.
You are resistant to electric shocks.
You can survive without breathing.
You are immune to petrification.
You are immune to rotting.


Message History

Your experience leads to an increase in your attributes!
Increase (S)trength, (I)ntelligence, or (D)exterity?
You feel agile.
You feel clever.
You cleave the bag of meat in twain.
You kill the bag of meat!
Makhleb accepts your kill.
You fatally mangle the destroyer.
You destroy the destroyer!
Makhleb accepts your kill.
You hear a shout! x6
Unknown command.
Unknown command.
Unknown command.
An orc and a lich come into view.
You hear a shout! x2
The bag of meat hits you with a +9,+9 war axe!!
You hear a shout! x8
The destroyer hits you with a +9,+9 great sword of slicing!!!!!
Ouch! That really hurt!
You die...

.........oo#......#
.%...x%...........#
...))))§§).##.....#
##..))))§§).......#
..))))).))###....o#
.........)..).....#
.....%#.#))§)))o))#
.............X.o).#
.....#.#.#......@.#
...............V..#
......#.#.#..#....#
##........L.#.O.§o#
.. .......#....#
...#.....# .......#
..##..#


oo. You could see a tyrant (wandering), a destroyer, a large abomination, a meat
berserker (berserk) and 6 bags of meat.

Vanquished Creatures
  A greater mummy (D)
  2 hill giants (D)
  2 liches (D)
  11 ogres (D)
  32 orcs (D)
  2 skeletal warriors (D)
  8 vampire knights (D)
  A large abomination (D)
  3 small abominations (D)
  A soul eater (D)
  A crawling corpse (D)
64 creatures vanquished.

Vanquished Creatures (others)
  3 crawling corpses (D)
3 creatures vanquished.

Grand Total: 67 creatures vanquished

Notes
Turn   | Place    | Note
--------------------------------------------------------------
     0 | D        | Infinimo, the Gargoyle Gladiator, began the quest for the Orb.
     0 | D        | Reached XP level 1. HP: 12/12 MP: 1/1
     3 | D        | Noticed a bag of meat
     3 | D        | Noticed a bag of meat
     4 | D        | Became a worshipper of Makhleb the Destroyer
     5 | D        | Noticed a bag of meat
     7 | D        | Killed a bag of meat
     7 | D        | Reached skill level 23 in Axes
     7 | D        | Reached XP level 2. HP: 17/17 MP: 2/2
     7 | D        | Reached XP level 3. HP: 21/21 MP: 3/3
     7 | D        | Reached XP level 4. HP: 26/26 MP: 4/4
     7 | D        | Reached XP level 5. HP: 30/30 MP: 5/5
     7 | D        | Reached XP level 6. HP: 35/35 MP: 6/6
     7 | D        | Reached XP level 7. HP: 40/40 MP: 7/7
     7 | D        | Reached XP level 8. HP: 44/44 MP: 8/8
     7 | D        | Reached XP level 9. HP: 48/48 MP: 9/9
     7 | D        | Reached XP level 10. HP: 53/53 MP: 10/10
     7 | D        | Reached XP level 11. HP: 57/57 MP: 11/11
    10 | D        | Noticed a bag of meat
    11 | D        | Noticed a bag of meat
    11 | D        | Noticed a meat berserker
    12 | D        | Noticed a meat berserker
    12 | D        | Noticed a bag of meat
    12 | D        | Noticed a bag of meat
    12 | D        | Noticed a bag of meat
    12 | D        | Noticed a meat berserker
    12 | D        | Noticed a bag of meat
    12 | D        | Noticed a bag of meat
    12 | D        | Noticed a bag of meat
    13 | D        | Noticed a bag of meat
    13 | D        | Noticed a bag of meat
    13 | D        | Noticed a meat berserker
    13 | D        | Killed a bag of meat
    13 | D        | Acquired Makhleb's first power
    13 | D        | Reached skill level 26 in Axes
    13 | D        | Reached XP level 12. HP: 38/62 MP: 12/12
    14 | D        | Noticed a bag of meat
    14 | D        | Noticed a bag of meat
    14 | D        | Noticed a bag of meat
    14 | D        | Killed a bag of meat
    14 | D        | Reached skill level 27 in Axes
    14 | D        | Reached XP level 13. HP: 40/78 MP: 13/13
    14 | D        | Killed a meat berserker
    14 | D        | Gained mutation: Your wings are large and strong. [gargoyle growth]
    14 | D        | Reached XP level 14. HP: 83/92 MP: 14/14
    14 | D        | Killed a meat berserker
    14 | D        | Acquired Makhleb's second power
    15 | D        | Noticed a bag of meat
    15 | D        | Killed a meat berserker
    15 | D        | Reached XP level 15. HP: 99/104 MP: 15/15
    16 | D        | Killed a bag of meat
    16 | D        | Killed a bag of meat
    16 | D        | Acquired Makhleb's third power
    16 | D        | Reached skill level 15 in Dodging
    17 | D        | Killed a meat berserker
    17 | D        | Reached XP level 16. HP: 117/120 MP: 16/16
    18 | D        | Killed a bag of meat
    18 | D        | Killed a bag of meat
    18 | D        | Acquired Makhleb's fourth power
    18 | D        | Killed a bag of meat
    19 | D        | Noticed a bag of meat
    20 | D        | Noticed a destroyer
    20 | D        | Killed a bag of meat
    20 | D        | Reached XP level 17. HP: 123/132 MP: 17/17
    20 | D        | Killed a bag of meat
    20 | D        | Killed a bag of meat
    20 | D        | Acquired Makhleb's fifth power
    20 | D        | Killed a bag of meat
    21 | D        | Killed a bag of meat
    21 | D        | Reached skill level 27 in Fighting
    21 | D        | Reached skill level 27 in Armour
    21 | D        | Reached XP level 18. HP: 143/145 MP: 18/18
    21 | D        | Killed a bag of meat
    21 | D        | Killed a destroyer
    21 | D        | Killed a bag of meat
    21 | D        | Reached skill level 27 in Dodging
    21 | D        | Reached skill level 1 in Spellcasting
    22 | D        | Killed a bag of meat
    22 | D        | Reached skill level 5 in Spellcasting
    23 | D        | Killed a bag of meat
    23 | D        | Reached skill level 10 in Stealth
    23 | D        | Reached XP level 19. HP: 151/151 MP: 18/33
    24 | D        | Noticed a destroyer
    24 | D        | Noticed a destroyer
    25 | D        | Noticed a destroyer
    25 | D        | Noticed a large bag of meat
    25 | D        | Noticed a destroyer
    26 | D        | Noticed a meat berserker
    26 | D        | Noticed a bag of meat
    26 | D        | Killed a destroyer
    26 | D        | Reached skill level 10 in Throwing
    26 | D        | Reached skill level 10 in Unarmed Combat
    26 | D        | Killed a destroyer
    26 | D        | Killed a destroyer
    26 | D        | Reached skill level 15 in Stealth
    27 | D        | Noticed a meat berserker
    27 | D        | Noticed a meat berserker
    28 | D        | Noticed a bag of meat
    28 | D        | Noticed a bag of meat
    28 | D        | Noticed a bag of meat
    29 | D        | Noticed a bag of meat
    29 | D        | Noticed a bag of meat
    29 | D        | Noticed a large bag of meat
    29 | D        | Noticed a destroyer
    29 | D        | Killed a meat berserker
    29 | D        | Reached skill level 15 in Invocations
    30 | D        | Noticed a meat berserker
    30 | D        | Noticed a bag of meat
    30 | D        | Killed a large bag of meat
    30 | D        | Reached skill level 15 in Throwing
    30 | D        | Reached skill level 15 in Unarmed Combat
    30 | D        | Reached XP level 20. HP: 136/157 MP: 19/39
    30 | D        | Killed a destroyer
    30 | D        | Killed a bag of meat
    30 | D        | Reached skill level 15 in Spellcasting
    31 | D        | Noticed a bag of meat
    31 | D        | Noticed a bag of meat
    31 | D        | Noticed a meat berserker
    31 | D        | Killed a meat berserker
    32 | D        | Noticed a sculptor of flesh
    32 | D        | Noticed a meat berserker
    33 | D        | Noticed a bag of meat
    33 | D        | Noticed a bag of meat
    33 | D        | Killed a meat berserker
    33 | D        | Killed a bag of meat
    33 | D        | Killed a bag of meat
    33 | D        | Reached XP level 21. HP: 163/163 MP: 20/42
    34 | D        | Noticed a bag of meat
    34 | D        | Noticed a bag of meat
    34 | D        | Noticed a bag of meat
    34 | D        | Killed a destroyer
    34 | D        | Killed a bag of meat
    35 | D        | Noticed a bag of meat
    35 | D        | Noticed a bag of meat
    35 | D        | Killed a meat berserker
    35 | D        | Killed a bag of meat
    35 | D        | Killed a large bag of meat
    36 | D        | Noticed a bag of meat
    37 | D        | Killed a meat berserker
    37 | D        | Killed a bag of meat
    37 | D        | Reached XP level 22. HP: 169/169 MP: 21/45
    39 | D        | Killed a bag of meat
    39 | D        | Reached skill level 27 in Stealth
    39 | D        | Killed a meat berserker
    40 | D        | Killed a bag of meat
    40 | D        | Killed a bag of meat
    40 | D        | Reached skill level 27 in Invocations
    41 | D        | Noticed a destroyer
    42 | D        | Noticed a sculptor of flesh
    42 | D        | Noticed a destroyer
    43 | D        | Noticed a sculptor of flesh
    44 | D        | Noticed a meat berserker
    44 | D        | Killed a bag of meat
    45 | D        | Killed a sculptor of flesh
    46 | D        | Killed a bag of meat
    46 | D        | Reached skill level 27 in Throwing
    46 | D        | Reached skill level 27 in Unarmed Combat
    47 | D        | Noticed an accursed
    47 | D        | Killed an accursed
    47 | D        | Reached skill level 27 in Spellcasting
    47 | D        | Reached XP level 23. HP: 175/175 MP: 23/48
    47 | D        | Killed a destroyer
    50 | D        | Killed a bag of meat
    50 | D        | Killed a sculptor of flesh
    50 | D        | Killed a meat berserker
    51 | D        | Noticed a destroyer
    53 | D        | Noticed a bag of meat
    53 | D        | Noticed a tyrant
    54 | D        | Noticed a tyrant
    56 | D        | Noticed a bag of meat
    56 | D        | Killed a tyrant
    56 | D        | Killed a bag of meat
    56 | D        | Killed a tyrant
    58 | D        | Killed a bag of meat
    59 | D        | Noticed a meat berserker
    59 | D        | Reached XP level 24. HP: 181/181 MP: 23/48
    59 | D        | Killed a bag of meat
    59 | D        | Killed a destroyer
    60 | D        | Noticed a bag of meat
    60 | D        | Noticed a tyrant
    60 | D        | Mangled by a destroyer

Action                   |  1- 3 |  4- 6 |  7- 9 | 10-12 | 13-15 | 16-18 | 19-21 | 22-24 || total
-------------------------+-------+-------+-------+-------+-------+-------+-------+-------++-------
Melee: Executioner's axe |     1 |       |       |     2 |     3 |     5 |     8 |    11 ||    30
 Abil: Fly               |       |       |       |       |       |       |       |     1 ||     1
